cohdb
Replays
Latest Replays
All Replays
Popular Replays
Top Player Replays
Match Explorer
How It Works
Community
CoH3 Stats
Reddit
Sign in to upload your games and track your stats! →
Sign in with Steam
Match 45092357
Unlisted
Match 45092357
Overview
Messages
Build Orders
End
Construct Infanterie Kompanie
Selects Breakthrough Battlegroup
Selects Assault Grenadiers
Grenadier Squad
Grenadier Squad
MG 42 Machine Gun Team
Infanterie Officer Quarters
Grenadier Squad
Selects Breakthrough
GrW 34 Mortar Team
MG 42 Machine Gun Team
Medical Bunker
Construct Luftwaffe Kompanie
Construct Luftwaffe Kompanie
Selects Mechanized Assault Group
Support Elements
Wirbelwind Flakpanzer
Selects Rapid Production
Wirbelwind Flakpanzer
Selects Blitzkrieg
Construct Panzergrenadier Kompanie
Construct Panzergrenadier Kompanie
Pak 40 Anti-tank Gun Team
Grenadier Squad
MG 42 Machine Gun Team
Panzergrenadier Squad
Selects Tiger Heavy Tank
Tiger Heavy Tank
Mechanized Assault Group
Breakthrough
Grenadier Squad
pagep
7k this year for sure
wojtej123
Hydra7-1
0
0
Comments
sign in to comment!
No comments posted yet!